 Dungeon Crawl Stone Soup version 0.32-a0-163-g159c032296 (webtiles) character file.

Game seed: 4566853614530200447

23 Bravepunisher the Ducker (level 2, 0/16 HPs)
             Began as a Spriggan Monk on Feb 11, 2024.
             Killed by divine providence
             ... invoked by an orc priest
              (16 damage)
             ... on level 4 of the Dungeon.
             The game lasted 00:04:16 (994 turns).

Bravepunisher the Ducker (Spriggan Monk)             Turns: 994, Time: 00:04:16

Health: 0/16       AC:  2    Str:  7    XL:     2   Next: 72%
Magic:  3/3        EV: 19    Int: 11    God:
Gold:   11         SH:  0    Dex: 17    Spells: 1/1 levels left

rFire   . . .        a - +0 short sword
rCold   . . .        (no shield)
rNeg    . . .        b - +0 robe
rPois   .            (helmet restricted)
rElec   .            (no cloak)
rCorr   .            (gloves unavailable)
SInv    +            (boots unavailable)
Will    .....        (no amulet)
Stlth   ++           (no ring)
HPRegen 0.22/turn    (no ring)
MPRegen 0.08/turn

%: no passive effects
@: very quick
A: very small, no large weapons, unfitting armour, see invisible, speed 3
a: no special abilities


You were on level 4 of the Dungeon.
You visited 1 branch of the dungeon, and saw 4 of its levels.

You collected 11 gold pieces.

Inventory:

Hand Weapons
 a - a +0 short sword (weapon)
Armour
 b - a +0 robe (worn)
Scrolls
 d - a scroll of identify {unknown}
 e - a scroll of poison {unknown}
 g - a scroll of enchant armour {unknown}
 h - a scroll of fear {unknown}
 i - a scroll of teleportation {unknown}
Potions
 c - a potion of ambrosia
 f - a potion of heal wounds {unknown}


   Skills:
 + Level 2.7 Fighting
 - Level 3.2 Short Blades
 * Level 5.0 Dodging


You had one spell level left.
You didn't know any spells.
Your spell library was empty.

Dungeon Overview and Level Annotations

Branches:
Dungeon (4/15)
 Temple: D:4-7

Altars:


Innate Abilities, Weirdness & Mutations

You are very small and have problems with some larger weapons.
You are too small for most types of armour.
You have supernaturally acute eyesight. (SInv)
You cover ground extremely quickly. (Speed+++)


Message History

You open the door.
There is an open door here.
A kobold is nearby!
The kobold shouts!
The kobold completely misses you.
You barely miss the kobold. The kobold barely misses you.
You hit the kobold.
You kill the kobold!
You see here a +0 dagger.
The endoplasm quivers.
The endoplasm freezes you.
You are frozen.
There is a stone staircase leading down here.
The endoplasm barely misses you.
You climb downwards.
There is a stone staircase leading up here.
You hit the endoplasm.
The endoplasm is lightly wounded.
The endoplasm freezes you.
You are frozen.
You hit the endoplasm.
The endoplasm is almost dead.
The endoplasm closely misses you.
You hit the endoplasm.
You kill the endoplasm!
Your Dodging skill increases to level 5!
HP restored.
i - a scroll labelled VUENKU SATITS The orc shouts!
You hear a shout!
An orc is nearby!
The orc shouts!
The orc wizard shouts!
The orc wizard gestures wildly while chanting.
The orc wizard flickers and vanishes for a moment.
The orc attacks as it pursues you! The orc barely misses you.
A giant cockroach comes into view.
An orc priest comes into view. It is wielding a +0 club.
The orc priest calls down the wrath of Beogh upon you.
Beogh smites you!
Ouch! That really hurt!
You die...

#...# #.B##
#########.##
..........#
######...#
#.### ##.#
####..#
#..@.##
#..#### #.
.. o. #. #


You could see an orc priest and a giant cockroach.

Vanquished Creatures
  An adder (D:3)
  A bat (D:3)
  2 endoplasms
  A goblin (D:3)
  2 hobgoblins (D:3)
  2 kobolds (D:3)
  A quokka (D:3)
  A ball python (D:3)
  A rat (D:3)
12 creatures vanquished.

Notes
Turn   | Place    | Note
-------+----------+-------------------------------------------
     0 | D:1      | Bravepunisher the Spriggan Monk began the quest for the
                  | Orb.
     0 | D:1      | Reached XP level 1. HP: 11/11 MP: 2/2
   219 | D:3      | Reached XP level 2. HP: 11/16 MP: 3/3
   337 | D:3      | Found a faded altar of an unknown god.
   803 | D:4      | Noticed a black bear
   853 | D:4      | Reached skill level 5 in Dodging
   994 | D:4      | Killed from afar by an orc priest

Illustrated notes

Levels and vault maps discovered:
D:1:      scummos_arrival_star, layout_loops_ring
D:2:      layout_loops_cross
D:3:      kennysheep_goblin_castle, layout_loops_corners,
          nicolae_ecumenical_oubliette, minmay_misc_feat_rows
D:4:      layout_basic, dancing_weapons_uskayaw, makhleb_altar_promises_db,
          temple_hall, serial_glass, glass_columns_a, glass_columns_b,
          item_on_display_a, minmay_strange_pillars, item_on_display_a

Skill      XL: |  1  2 |
---------------+-------+-----
Dodging        | 5 |  5.0
Fighting       | |  2.7
Short Blades   | |  3.2

Action                     || total
---------------------------++-------
  Melee: Short sword       ||    48
 Armour: Robe              ||    12
  Dodge: Dodged            ||    63

Table legend: (Time is in decaauts)
 A = Elapsed time spent in this place.
 B = Non-inter-level travel time spent in this place.
 C = Inter-level travel time spent in this place.
 D = Time resting spent in this place.
 E = Time spent auto-exploring this place.
 F = Levels seen in this place.
 G = Mean time per level.
                   A        B        C        D        E       F      G
               +--------+--------+--------+--------+--------+-----+--------+
         Total |    670 |    656 |     14 |     37 |    162 |   4 |  167.5 |
       Dungeon |    670 |    656 |     14 |     37 |    162 |   4 |  167.5 |
               +--------+--------+--------+--------+--------+-----+--------+

Top non-repeatable levels by time:
     D:3: 369 daAuts
     D:4: 224 daAuts
     D:2: 52 daAuts
     D:1: 24 daAuts
